 Dungeon Crawl Stone Soup version 0.21.1-1-g345015fe64 (webtiles) character file.

84 DildoBatman the Sneak (level 4, 0/35 HPs)
             Began as a Formicid Enchanter on Mar 8, 2018.
             Slain by a gnoll
             ... wielding a +0 club
              (4 damage)
             ... on level 3 of the Dungeon.
             The game lasted 00:04:14 (2493 turns).

DildoBatman the Sneak (Formicid Enchanter)          Turns: 2493, Time: 00:04:14

Health: 0/35       AC:  3    Str: 14    XL:     4   Next: 72%
Magic:  6/7        EV: 12    Int: 14    God:
Gold:   43         SH:  0    Dex: 11    Spells: 3/7 levels left

rFire    . . .     SeeInvis +   a - +1 dagger
rCold    . . .     Gourm    .   (no shield)
rNeg     . . .     Faith    .   h - +0 leather armour
rPois    .         Spirit   .   (helmet unavailable)
rElec    .         Reflect  .   (no cloak)
rCorr    .         Harm     .   (no gloves)
MR       .....                  (no boots)
Stlth    ++........             (no amulet)
HPRegen  0.11/turn              (no ring)
MPRegen  0.10/turn              (no ring)

@: no status effects
A: permanent stasis, dig shafts and tunnels, four strong arms, antennae 3
a: Dig, Shaft Self


You were on level 3 of the Dungeon.
You were hungry.

You visited 1 branch of the dungeon, and saw 3 of its levels.

You collected 43 gold pieces.

Inventory:

Hand Weapons
 a - a +1 dagger (weapon)
Missiles
 g - 19 sling bullets
 j - 7 stones (quivered)
 m - 20 bolts
 n - 7 curare-tipped needles
Armour
 d - a +0 buckler
 h - a +0 leather armour (worn)
Scrolls
 f - 3 scrolls of identify {unknown}
 i - a scroll of immolation {unknown}
Potions
 b - 2 potions of curing {unknown}
 e - a potion of agility {unknown}
 k - a potion of might {unknown}
Books
 c - a book of Maledictions

   Spells                             Type                      Level
   a - Corona                         Hexes                        1
   b - Ensorcelled Hibernation        Hexes/Ice                    2
   c - Confuse                        Hexes                        3
   d - Tukima's Dance                 Hexes                        3
   e - Dazzling Spray                 Conjuration/Hexes            3
Comestibles
 v - 2 rations


   Skills:
 - Level 3.0 Fighting
 - Level 1.0 Short Blades
 * Level 2.2 Armour
 - Level 2.0 Dodging
 - Level 4.0 Stealth
 - Level 2.1 Spellcasting
 - Level 3.6 Hexes


You had 3 spell levels left.
You knew the following spells:

 Your Spells              Type           Power        Failure   Level  Hunger
a - Corona                Hex            ##.....      6%          1    #......
b - Confuse               Hex            ##......     19%         3    ###....


Dungeon Overview and Level Annotations

Branches:
Dungeon (3/15)

Altars:


Innate Abilities, Weirdness & Mutations

You cannot be hasted, slowed, berserked, paralysed or teleported.
You can dig through walls and to a lower floor.
Your four strong arms can wield two-handed weapons with a shield.
You have a pair of large antennae on your head. (SInv)


Message History

The gnoll is outlined in light.
The gnoll barely misses you.
You hit the gnoll but do no damage.
The gnoll is lightly wounded.
The gnoll completely misses you.
You hit the gnoll.
The gnoll is moderately wounded.
The gnoll barely misses you.
You hit the gnoll but do no damage.
The gnoll is moderately wounded.
The gnoll hits you with a club!
You hit the gnoll but do no damage.
The gnoll is moderately wounded.
You hit the gnoll but do no damage.
The gnoll is moderately wounded.
The gnoll closely misses you.
You hit the gnoll.
The gnoll is heavily wounded.
The gnoll hits you with a club.
You die...

#+##
##...##
#@....#
#..g....#
#.........#
+.?.......+
#.........#
##.......##
##$....##
##...##


You could see a gnoll.

Vanquished Creatures
  A gnoll (D:1)
  3 adders (D:2)
  3 dart slugs
  3 giant cockroaches (D:1)
  4 goblins
  4 hobgoblins
  7 jackals (D:1)
  A bat (D:1)
  2 frilled lizards (D:2)
  7 kobolds
  4 rats (D:1)
39 creatures vanquished.

Notes
Turn   | Place    | Note
-------+----------+-------------------------------------------
     0 | D:1      | DildoBatman the Formicid Enchanter began the quest for the Orb.
     0 | D:1      | Reached XP level 1. HP: 13/13 MP: 3/3
    92 | D:1      | Reached skill level 1 in Fighting
   342 | D:1      | Reached XP level 2. HP: 21/21 MP: 5/5
   862 | D:1      | Reached XP level 3. HP: 28/28 MP: 6/6
   867 | D:1      | Learned a level 3 spell: Confuse
  1707 | D:2      | Reached skill level 1 in Armour
  1707 | D:2      | Reached skill level 4 in Stealth
  1707 | D:2      | Reached XP level 4. HP: 25/35 MP: 5/7
  2493 | D:3      | Slain by a gnoll

Skill      XL: |  1  2  3  4 |
---------------+-------------+-----
Fighting       | 1 2 3 |  3.0
Dodging        | 2 |  2.0
Armour         | 1 2 |  2.2
Stealth        | 4 |  4.0
Short Blades   | |  1.0
Spellcasting   | |  2.1
Hexes          | |  3.6

Action                   |  1- 3 |  4- 6 || total
-------------------------+-------+-------++-------
Melee: Dagger            |   160 |    67 ||   227
 Cast: Corona            |    18 |    10 ||    28
 Stab: Sleeping          |     4 |     2 ||     6
  Eat: Chunk             |     2 |     3 ||     5
Armor: Leather armour    |    42 |    10 ||    52
Dodge: Dodged            |   106 |    40 ||   146
